 Dungeon Crawl Stone Soup version 0.32-a0-172-gc5dd13f2a7 (webtiles) character file.

Game seed: 14705735998023895014

70 IdlyInterested the Insei (level 4, 0/28 HPs)
             Began as an Octopode Shapeshifter on Feb 12, 2024.
             Slain by Robin
             ... wielding a +0 mace
              (6 damage)
             ... on level 3 of the Dungeon.
             The game lasted 00:05:07 (1689 turns).

IdlyInterested the Insei (Octopode Shapeshifter)    Turns: 1689, Time: 00:05:07

Health: 0/28       AC:  1    Str: 13    XL:     4   Next: 21%
Magic:  4/4        EV: 13    Int: 12    God:
Gold:   110        SH:  0    Dex: 13    Spells: 3/3 levels left

rFire   . .          .
                       - Unarmed
rCold   . . .        (no shield)
rNeg    . . .        (helmet currently unavailable)
rPois   .            (no amulet)
rElec   .            m - ring of wizardry
rCorr   .            (no ring)
SInv    .            (no ring)
Will    .....        (no ring)
Stlth   +++          (no ring)
HPRegen 0.24/turn    (no ring)
MPRegen 0.09/turn    (no ring)
                     (no ring)

%: wizardry (x1)
@: beast-form
A: beast (slay +1), almost no armour, amphibious, 8 rings, camouflage 1,
gelatinous body 1, (nimble swimmer 1), tentacles
a: Begin Untransformation


You were on level 3 of the Dungeon.
You were a hulking beast.
You visited 1 branch of the dungeon, and saw 3 of its levels.

You collected 110 gold pieces.

Inventory:

Hand Weapons
 f - a +0 dagger
 o - a +2 dagger of venom
 q - a +0 short sword
Missiles
 e - 2 stones (quivered)
 h - 6 javelins
Armour
 l - the +2 hat "Udulul" {rF+ Regen+ Int+2 Dex+2}
   (You acquired it on level 3 of the Dungeon)

   Int+2:     It affects your intelligence (+2).
   Dex+2:     It affects your dexterity (+2).
   rF+:       It protects you from fire.
   Regen+:    It increases your rate of health regeneration.
Jewellery
 m - a ring of wizardry (left tentacle)
Talismans
 b - a beast talisman (active)
 c - a flux talisman
Scrolls
 d - a scroll of immolation
 j - a scroll of silence
Potions
 a - a potion of lignification
 g - a potion of heal wounds {unknown}
 i - a potion of ambrosia {unknown}
 k - a potion of might
 n - a potion of magic {unknown}
 p - a potion of enlightenment {unknown}
 r - a potion of haste {unknown}


   Skills:
 + Level 1.3 Fighting
 - Level 1.0 Throwing
 - Level 2.0 Dodging
 - Level 1.0 Stealth
 * Level 4.1 Unarmed Combat
 + Level 3.4 Shapeshifting


You had 3 spell levels left.
You didn't know any spells.
Your spell library contained the following spells:

 Spells                   Type           Power      Damage    Failure   Level
 Necrotise                Necr           0%         1d4       13%         1
 Blink                    Tloc           0%         N/A       21%         2
 Lesser Beckoning         Tloc           0%         N/A       21%         2
 Momentum Strike          Conj/Tloc      0%         3d8       21%         2
 Static Discharge         Conj/Air       0%         3-3/arc   21%         2
 Vampiric Draining        Necr           0%         2d6       36%         3
 Airstrike                Air            0%         2d(0-16)  75%         4
 Martyr's Knell           Necr/Summ      0%         N/A       75%         4
 Summon Lightning Spire   Summ/Air       0%         N/A       75%         4
 Curse of Agony           Necr           0%         N/A       97%         5


Dungeon Overview and Level Annotations

Branches:
Dungeon (3/15)

Altars:
Zin

Shops:
D:1 =

Annotations:
D:3 Robin


Innate Abilities, Weirdness & Mutations

You are a hulking beast.
Your limbs bulge with bestial killing power. (Slay +1)
You cannot wear most types of armour.
You are amphibious.
You can wear up to eight rings at the same time.
Your skin changes colour to match your surroundings (Stealth+).
Your rubbery body absorbs attacks. (AC +1, EV +1)
((You are camouflaged when in or above water. (Stealth+)))
You have tentacles for arms and can constrict up to eight enemies at once.


Message History

The hobgoblin no longer looks unusually strong.
A goblin comes into view. It is wielding a +0 club.
You tentacle-slap the hobgoblin. You grab the hobgoblin.
The hobgoblin is heavily wounded.
You constrict the hobgoblin, but do no damage.
The hobgoblin hits you.
* * * LOW HITPOINT WARNING * * *
You tentacle-slap the hobgoblin but do no damage.
The hobgoblin is heavily wounded.
You constrict the hobgoblin.
The hobgoblin no longer looks unusually strong.
The hobgoblin hits you but does no damage.
You tentacle-slap the hobgoblin.
You kill the hobgoblin!
A hobgoblin comes into view.
You tentacle-slap the hobgoblin. You grab the hobgoblin.
Your squeeze misses the hobgoblin.
The hobgoblin is moderately wounded.
You constrict the hobgoblin. Robin throws the goblin at you!
* * * LOW HITPOINT WARNING * * *
The hobgoblin hits you.
* * * LOW HITPOINT WARNING * * *
The goblin closely misses you.
You bludgeon the goblin!
You kill the goblin!
You constrict the hobgoblin.
The goblin no longer looks unusually strong.
You tentacle-slap the hobgoblin.
You kill the hobgoblin!
The hobgoblin no longer looks unusually strong.
You tentacle-slap Robin. Your grab misses Robin. You tentacle-slap Robin.
Robin is heavily wounded.
Robin says, "My goblins will feast on your bones."
Robin roars a battlecry!
The goblins go into a battle-frenzy!
You tentacle-slap Robin. Your grab misses Robin.
Robin is severely wounded.
Robin hits you with a +0 mace.
You die...
Robin says, "And that's why I'm the boss." #g #gg #gg

#g# .. #.# ....
#.####....
#####g...)... .
#.)hgg.g...##.
#.###g#......
.##........#.##.
........#!......
###.##.)...#.##
#.###.#..#.#
#..........#
#.....$..###
#######...#


You could see Robin, 3 hobgoblins and a goblin (strong).

Vanquished Creatures
  A gnoll (D:1)
  A ribbon worm (D:2)
  5 endoplasms
  2 giant cockroaches (D:1)
  10 goblins
  8 hobgoblins
  3 jackals (D:2)
  3 quokkas (D:2)
  2 ball pythons (D:2)
  5 bats
  A frilled lizard (D:3)
  5 kobolds
  3 rats
49 creatures vanquished.

Notes
Turn   | Place    | Note
-------+----------+-------------------------------------------
     0 | D:1      | IdlyInterested the Octopode Shapeshifter began the quest
                  | for the Orb.
     0 | D:1      | Reached XP level 1. HP: 13/13 MP: 1/1
   226 | D:1      | Reached skill level 1 in Stealth
   226 | D:1      | Reached XP level 2. HP: 9/18 MP: 2/2
   440 | D:1      | Reached XP level 3. HP: 20/23 MP: 3/3
   486 | D:1      | Found Luacemenk's Jewellery Emporium.
  1061 | D:2      | Found a faded altar of an unknown god.
  1069 | D:2      | Found a glowing silver altar of Zin.
  1163 | D:2      | Reached skill level 1 in Throwing
  1433 | D:2      | Reached skill level 4 in Unarmed Combat
  1542 | D:2      | Identified a scroll of acquirement
  1627 | D:3      | Reached XP level 4. HP: 25/28 MP: 4/4
  1629 | D:3      | Acquired the +2 hat "Udulul" {rF+ Regen+ Int+2 Dex+2}
  1666 | D:3      | Noticed Robin
  1689 | D:3      | Slain by Robin

Illustrated notes

Levels and vault maps discovered:
D:1:      dpeg_arrival_court, layout_loops_corners, serial_shops, shop,
          nicolae_grassy_gnolls
D:2:      layout_basic, basic_altar, dreamdust_ecumenical_altar_statues,
          minmay_misc_feat_encased, hangedman_decor_growths
D:3:      layout_loops_cross, uniq_crazy_yiuf_cottage, uniq_grinder, uniq_robin

Skill      XL: |  1  2  3 |
---------------+----------+-----
Stealth        | 1 |  1.0
Throwing       | 1 |  1.0
Unarmed Combat | 4 |  4.1
Fighting       | |  1.3
Dodging        | |  2.0
Shapeshifting  | |  3.4

Action                     |  1- 3 |  4- 6 || total
---------------------------+-------+-------++-------
  Melee: Unarmed           |    70 |    15 ||    85
         Constrict         |    18 |     4 ||    22
         Tentacles         |    13 |     1 ||    14
         Punch             |     2 |     2 ||     4
  Throw: Stone             |       |     7 ||     7
    Use: Scroll            |     4 |     1 ||     5
         Potion            |     1 |       ||     1
   Stab: Sleeping          |     6 |       ||     6
 Armour: Skin              |    25 |    14 ||    39
  Dodge: Dodged            |    31 |    10 ||    41

Table legend: (Time is in decaauts)
 A = Elapsed time spent in this place.
 B = Non-inter-level travel time spent in this place.
 C = Inter-level travel time spent in this place.
 D = Time resting spent in this place.
 E = Time spent auto-exploring this place.
 F = Levels seen in this place.
 G = Mean time per level.
                   A        B        C        D        E       F      G
               +--------+--------+--------+--------+--------+-----+--------+
         Total |   1683 |   1641 |     42 |     76 |   1158 |   3 |  561.0 |
       Dungeon |   1683 |   1641 |     42 |     76 |   1158 |   3 |  561.0 |
               +--------+--------+--------+--------+--------+-----+--------+

Top non-repeatable levels by time:
     D:1: 843 daAuts
     D:2: 704 daAuts
     D:3: 135 daAuts
